Map: Hecate LE

Players

chestnutcc - Winner!

  • Race: Protoss Protoss
  • League: Diamond
  • Spawn Location: 1:00

Elfigus

  • Race: Terran Terran
  • League: Diamond
  • Spawn Location: 7:00

VOD

Have the link to the VOD?

Description

Time

  • Played on: Oct. 9, 2023, 2:49 p.m.
  • Length: 17:16
Show
View Real Time Build Order
Export as new Build Order

chestnutcc Protoss - Winner!

Build Orders: 1 Gate Expand, Phoenix Opening, Chargelot Immortal 

Get SALT Encoding   

  12  0:00  Probe  
  13  0:13  Probe  
  14  0:20  Pylon  
  14  0:25  Probe  
  15  0:38  Gateway, Probe (Chrono Boost)  
  16  0:49  Assimilator, Probe (Chrono Boost)  
  17  0:54  Probe (Chrono Boost)  
  18  1:04  Probe  
  19  1:16  Probe  
  20  1:30  Cybernetics Core  
  20  1:39  Nexus  
  20  1:44  Probe  
  21  1:47  Assimilator  
  21  1:52  Pylon  
  21  1:56  Probe  
  22  2:08  Adept (Chrono Boost)  
  22  2:12  Shield Battery  
  22  2:14  Probe  
  25  2:22  Stargate  
  25  2:26  Probe  
  25  2:41  Stalker (Chrono Boost)  
  25  2:42  Probe  
  27  2:55  Probe  
  28  3:07  Probe  
  29  3:19  Probe  
  30  3:20  Phoenix  
  30  3:26  Probe  
  33  3:31  Probe  
  34  3:38  Probe  
  35  3:43  Probe  
  35  3:44  Stalker (Chrono Boost)  
  35  3:46  Warp Gate, Shield Battery  
  38  3:50  Probe  
  38  3:55  Probe  
  40  3:58  Pylon  
  40  4:02  Probe  
  41  4:07  Probe  
  42  4:13  Stalker (Chrono Boost)  
  42  4:14  Probe  
  42  4:15  Robotics Facility  
  45  4:19  Probe  
  46  4:26  Phoenix (Chrono Boost), Probe  
  49  4:31  Gateway  
  49  4:34  Gateway  
  49  4:37  Pylon  
  49  4:38  Stalker (Chrono Boost)  
  51  4:47  Probe  
  52  4:53  Phoenix  
  54  5:01  Probe  
  53  5:15  Immortal (Chrono Boost)  
  53  5:19  Probe  
  59  5:28  Probe  
  59  5:31  Probe  
  59  5:32  Pylon  
  60  5:38  Pylon  
  58  5:43  Stalker  
  58  5:45  Stalker  
  58  5:49  Pylon  
  62  5:59  Phoenix  
  62  6:08  Stalker x2  
  64  6:14  Probe x2  
  66  6:19  Assimilator  
  66  6:21  Assimilator  
  66  6:25  Nexus, Warp Prism (Chrono Boost)  
  62  6:26  Pylon, Probe x2  
  66  6:34  Twilight Council  
  66  6:36  Gateway  
  66  6:38  Gateway, Probe  
  67  6:41  Pylon  
  67  6:42  Probe  
  68  6:50  Probe  
  68  6:52  Shield Battery  
  69  7:04  Immortal (Chrono Boost)  
  69  7:05  Charge (Chrono Boost)  
  69  7:06  Probe  
  69  7:07  Robotics Facility  
  74  7:16  Probe  
  74  7:20  Probe  
  76  7:24  Pylon  
  76  7:28  Probe  
  75  7:32  Probe  
  75  7:33  Templar Archives  
  76  7:39  Probe  
  76  7:40  Probe  
  76  7:41  Zealot x4  
  76  7:44  Probe  
  88  7:51  Probe  
  88  7:52  Probe  
  88  7:55  Psionic Storm  
  88  7:56  Probe  
  90  8:03  Probe  
  90  8:04  Probe  
  90  8:05  Stalker x3  
  97  8:08  Probe  
  98  8:17  Zealot x2  
  100  8:30  Zealot x3  
  106  8:45  Zealot x2  
  103  8:55  Zealot x3  
  107  8:59  Immortal (Chrono Boost)  
  117  9:06  Immortal (Chrono Boost)  
  113  9:10  High Templar  
  113  9:11  Probe  
  114  9:19  Gateway  
  114  9:20  Gateway  
  114  9:21  Pylon, High Templar  
  114  9:22  High Templar  
  114  9:24  Pylon  
  116  9:33  Probe x3  
  119  9:38  Assimilator, High Templar  
  119  9:39  High Templar  
  119  9:40  Assimilator  
  119  9:43  Gateway  
  119  9:44  Gateway  
  119  9:45  Probe x3, High Templar  
  127  9:51  Observer x2  
  129  9:57  Probe x3  
  132  10:01  Forge  
  132  10:02  Forge  
  132  10:03  Stalker  
  132  10:04  Stalker  
  136  10:09  Probe  
  136  10:12  Pylon  
  137  10:14  Pylon  
  137  10:15  Probe  
  137  10:17  Shield Battery  
  138  10:22  Shield Battery  
  138  10:27  Zealot  
  139  10:31  Probe  
  138  10:44  Nexus  
  138  10:46  Zealot x2  
  138  10:47  Zealot x5  
  148  10:51  Zealot x2  
  148  10:55  Probe  
  148  10:56  Photon Cannon  
  143  10:58  Photon Cannon  
  133  11:19  Robotics Bay  
  133  11:21  Observer  
  133  11:23  Probe  
  133  11:25  Probe  
  125  11:26  Probe  
  125  11:28  Photon Cannon  
  125  11:31  Photon Cannon  
  126  11:36  Pylon  
  126  11:39  Pylon  
  126  11:40  Photon Cannon  
  126  11:43  Photon Cannon  
  122  11:57  Robotics Facility  
  120  12:13  Zealot  
  120  12:14  Zealot x8  
  129  12:19  Immortal x2  
  96  12:38  Zealot x2  
  96  12:39  Zealot x2  
  96  12:41  Colossus, Zealot x5  
  104  12:47  Protoss Ground Weapons Level 1 (Chrono Boost), Probe  
  104  12:48  Colossus  
  105  12:51  Immortal  
  105  12:57  Protoss Ground Armor Level 1 (Chrono Boost)  
  109  12:59  Nexus  
  109  13:03  High Templar x6  
  109  13:04  High Templar x2  
  131  13:07  Archon x2  
  131  13:10  Archon  
  131  13:11  Extended Thermal Lance (Chrono Boost), Archon  
  131  13:19  Pylon  
  121  13:29  High Templar  
  123  13:38  Pylon  
  123  13:47  Nexus  
  122  13:48  Pylon  
  122  13:52  High Templar  
  122  13:54  High Templar x2  
  128  13:56  Immortal x2  
  128  13:58  Zealot  
  138  14:02  Shield Battery  
  138  14:09  Photon Cannon  
  126  14:28  Stalker  
  112  14:44  Archon  
  94  14:48  Zealot x6  
  94  14:49  Zealot x2  
  110  14:59  Probe, Protoss Ground Weapons Level 2 (Chrono Boost)  
  112  15:00  Probe x2  
  112  15:01  Immortal x2  
  117  15:22  Zealot  
  117  15:23  Zealot x5  
  127  15:32  Zealot x2  
  127  15:33  Zealot  
  133  15:43  High Templar  
  133  15:44  High Templar x5  
  123  16:14  Archon x3  
  123  16:16  Assimilator  
  123  16:18  Assimilator  
  123  16:25  Zealot x8  
  129  16:26  Zealot  
  129  16:53  Stalker x3  
  135  16:54  Stalker x4  
  135  16:55  Stalker x2  
Show
View Real Time Build Order
Export as new Build Order

Elfigus Terran 

Build Orders: Reaper Expand 

Get SALT Encoding   

  12  0:01  SCV  
  13  0:13  SCV  
  14  0:16  Supply Depot  
  14  0:25  SCV  
  15  0:38  SCV  
  15  0:39  Barracks  
  16  0:43  Refinery  
  16  0:50  SCV  
  17  1:02  SCV  
  18  1:14  SCV  
  19  1:26  Orbital Command  
  19  1:27  Reaper  
  20  1:48  Command Center  
  20  1:52  SCV  
  21  1:58  Supply Depot  
  21  1:59  Marine  
  22  2:10  Factory, SCV  
  23  2:20  Refinery  
  23  2:22  SCV  
  24  2:27  Barracks Reactor  
  24  2:40  SCV  
  25  2:55  SCV  
  26  3:02  Cyclone  
  26  3:03  Marine  
  26  3:04  Orbital Command, Marine  
  28  3:15  Barracks, Starport, SCV  
  31  3:32  SCV x2  
  31  3:44  SCV x2  
  31  3:46  Cyclone x2  
  37  3:51  Medivac  
  37  3:53  Barracks Reactor  
  39  3:56  Supply Depot  
  39  3:59  SCV x2  
  41  4:04  Barracks Tech Lab  
  41  4:12  SCV x2  
  43  4:18  Cyclone x2  
  48  4:30  Starport Reactor  
  48  4:32  Supply Depot, SCV  
  48  4:33  SCV  
  48  4:37  Engineering Bay  
  50  4:40  Marine  
  50  4:41  Refinery, Marine x2  
  50  4:42  Stimpack  
  50  4:45  SCV x2  
  54  4:48  Supply Depot  
  54  4:56  Widow Mine, Supply Depot  
  54  4:57  Widow Mine  
  54  4:58  Marine  
  54  4:59  Marine, SCV  
  61  5:00  SCV  
  62  5:09  Marine  
  62  5:11  Missile Turret  
  62  5:13  Supply Depot  
  63  5:16  Marine  
  63  5:17  Marine  
  65  5:24  Supply Depot  
  65  5:26  Viking  
  65  5:27  Viking  
  69  5:28  Marine  
  69  5:34  Terran Infantry Weapons Level 1  
  68  5:46  Marine  
  68  5:47  Marine  
  68  5:48  Widow Mine  
  68  5:49  Widow Mine  
  61  6:09  Marine x3  
  61  6:13  SCV x2  
  61  6:15  Barracks  
  61  6:16  Barracks  
  61  6:18  Command Center  
  61  6:19  Refinery  
  60  6:26  Combat Shield  
  60  6:27  Marine x2, SCV  
  60  6:28  SCV  
  60  6:30  Engineering Bay  
  64  6:34  Armory, Marine  
  64  6:36  Medivac  
  64  6:39  SCV  
  68  6:40  SCV  
  68  6:45  Marine  
  70  6:47  Supply Depot  
  70  6:51  Marine  
  70  6:52  Missile Turret, Marauder, SCV x2  
  75  6:57  Medivac  
  77  7:03  Marine, Barracks Tech Lab  
  77  7:04  SCV x2  
  80  7:12  Barracks Reactor  
  80  7:14  Marine x2  
  82  7:16  SCV x2  
  82  7:22  Marine x2  
  86  7:24  Viking  
  86  7:28  Terran Infantry Armor Level 1, SCV x2  
  86  7:29  Widow Mine x2  
  94  7:32  Marine  
  94  7:36  Marauder  
  97  7:40  Marine  
  98  7:45  Barracks, Concussive Shells  
  98  7:46  Missile Turret, Barracks, Marauder  
  100  7:55  Barracks  
  100  7:56  Marine x2  
  100  7:57  Marauder  
  108  7:58  Widow Mine x2  
  108  7:59  Marine  
  108  8:03  Orbital Command  
  108  8:05  Marine  
  110  8:07  Marauder  
  110  8:11  Terran Infantry Weapons Level 2  
  112  8:18  Marauder  
  116  8:20  Widow Mine  
  116  8:21  Marine  
  117  8:39  Supply Depot x2  
  117  8:42  Marine  
  117  8:44  Marine  
  117  8:46  Marine  
  117  8:47  Marauder  
  117  8:49  SCV x2  
  117  8:52  Marine, Marauder  
  117  8:57  Marine  
  117  8:58  Medivac, Orbital Command  
  117  9:00  Viking  
  118  9:07  Marine x2  
  118  9:08  Marauder  
  121  9:13  Marauder  
  121  9:17  Missile Turret, SCV x2  
  122  9:19  Marine  
  122  9:20  Barracks Tech Lab x2  
  122  9:21  Widow Mine x2  
  129  9:28  Viking  
  129  9:30  Marauder  
  133  9:32  Terran Infantry Armor Level 2  
  133  9:54  Marine x2  
  133  9:55  Marauder x2, Barracks Tech Lab  
  133  9:58  Missile Turret  
  139  10:00  Missile Turret  
  139  10:03  Missile Turret  
  139  10:04  SCV  
  140  10:08  Marauder  
  140  10:14  Marine, Marauder  
  145  10:16  SCV  
  145  10:20  Marauder  
  148  10:21  Missile Turret  
  148  10:24  Ghost Academy  
  148  10:28  Marauder  
  148  10:34  Supply Depot  
  146  10:36  Supply Depot  
  146  10:41  Marine, Marauder  
  149  10:56  Medivac x2, Marine, Marauder  
  156  10:58  Marauder x2  
  156  11:03  Orbital Command  
  161  11:04  Marine x2, Marauder x2  
  161  11:06  Marine  
  165  11:19  Marine  
  165  11:21  Supply Depot  
  165  11:23  Marauder  
  165  11:34  Marine x2, Marauder x2  
  165  11:42  Marauder x2  
  169  11:49  Ghost  
  171  11:55  Ghost  
  171  11:58  SCV  
  154  12:35  Marine x2, Marauder  
  154  12:36  Marine, Marauder x2  
  143  12:41  Marine, Marauder x2  
  146  12:47  Medivac x2  
  150  12:53  Marine  
  150  12:56  Ghost x3  
  152  13:03  Marine, Marauder x2  
  152  13:05  Orbital Command  
  144  13:06  SCV  
  144  13:17  Medivac x2  
  148  13:24  Marauder  
  150  13:34  Sensor Tower  
  150  13:47  Medivac x2  
  152  13:50  Command Center  
  152  13:51  SCV  
  152  13:52  SCV  
  154  14:01  Supply Depot  
  154  14:02  Bunker  
  154  14:03  Marine  
  154  14:07  SCV  
  106  14:36  Marine x3, Marauder x4  
  106  14:37  Marauder  
  108  14:39  Marine  
  86  14:53  Marine  
  86  14:57  Marauder x3  
  86  14:59  SCV x2  
  93  15:01  SCV  
  93  15:06  Ghost  
  95  15:08  Marine, Marauder  
  95  15:09  Marine  
  99  15:20  Marine x2, Marauder x2  
  99  15:21  Marauder  
  103  15:26  Marine  
  103  15:29  Viking, Ghost  
  103  15:35  Ghost  
  109  15:40  Ghost  
  109  15:41  Ghost x2  
  99  16:03  Viking x2  
  87  16:17  Marine, Marauder  
  87  16:18  Marauder  
  85  16:33  Medivac, Viking  
  85  16:35  SCV x2  
  91  16:46  Command Center  
  87  16:47  SCV x2  
  87  16:51  Marine, Marauder x2  
  87  16:52  Marauder x2  
Tags
 
Add a new tag
Caveats
  • Supply blocks, unpowered buildings, or Contaminate may cause inaccurate times.
  • Supply counts are checked every 10 seconds.